AoeStats
← Dragon

Arena

509212813Analyzed
3v3 RM · 6d ago on Sep 25, 2026· 66m 12s· 6 players
Game mode
Random Map
Map size
Normal (6 player)
Population
200
Speed
Normal
Resources
Standard
Victory
Conquest
Starting age
Dark Age
Ending age
Imperial Age
RankedLock teamsTeams togetherTeam positionsShared explorationLock speedFull tech treeHidden civsTurbo modeCheats
Victory
Defeat
🇲🇽 Cumans · Mexico
1414
+11
🇵🇪 Saracens · Peru
1322
+15
🇺🇸 Hindustanis · United States
1161
+59
🇩🇪 Byzantines · Germany
1306
-16
🇩🇪 Varangians · Germany
1298
-16
🇩🇪 Portuguese · Germany
1273
-15
siggi-lok
11:48 Feudal Age
15:30 Castle Age
14:30 Double-Bit Axe
14:27 Horse Collar
17:16 Heavy Plow
17:07 Loom
30:20 Imperial Age
29:24 Wheelbarrow
28:35 Town Watch
29:07 Bow Saw
28:54 Stone Mining
29:42 Fortified Wall
30:07 Gold Mining
32:05 Chemistry
31:50 Conscription
34:27 Arquebus
34:44 Masonry
35:39 Siege Engineers
36:05 Architecture
36:49 Scale Mail Armor
37:00 Forging
36:37 Pikeman
49:16 Bombard Tower
48:54 Murder Holes
55:19 Ballistics
54:42 Treadmill Crane
Dragon
9:57 Feudal Age
16:06 Castle Age
14:31 Horse Collar
14:37 Double-Bit Axe
18:18 Bow Saw
18:44 Heavy Plow
19:34 Wheelbarrow
22:02 Gold Mining
24:25 Stone Mining
25:07 Loom
27:50 Hand Cart
30:14 Imperial Age
30:15 Fletching
30:58 Scale Mail Armor
31:08 Forging
31:02 Gambesons
31:17 Squires
30:39 Elite Varangian Guard
31:04 Arson
31:45 Conscription
32:54 Chain Mail Armor
33:14 Iron Casting
35:27 Scale Barding Armor
34:54 Elite Cataphract
38:37 Plate Mail Armor
37:30 Pikeman
38:41 Halberdier
40:00 Iron Casting
40:43 Chain Barding Armor
51:58 Bodkin Arrow
52:04 Padded Archer Armor
52:18 Fortified Wall
52:38 Bracer
54:16 Thumb Ring
56:36 Elite Skirmisher
56:42 Elite Skirmisher
63:23 Crossbowman
65:08 Chemistry
Who am I
10:51 Feudal Age
11:33 Double-Bit Axe
11:29 Horse Collar
13:33 Wheelbarrow
19:22 Castle Age
18:44 Forging
18:24 Arson
19:16 Gold Mining
20:13 Loom
21:25 Squires
21:34 Heavy Plow
21:53 Squires
25:57 Hand Cart
26:08 Stone Mining
28:23 Fletching
30:18 Iron Casting
29:48 Scale Barding Armor
33:24 Imperial Age
33:35 Bloodlines
33:26 Husbandry
34:12 Scale Mail Armor
35:16 Blast Furnace
34:38 Chain Barding Armor
35:39 Gambesons
37:14 Bow Saw
37:36 Crop Rotation
36:58 Elite Varangian Guard
38:56 Two-Man Saw
37:54 Capped Ram
39:10 Scale Mail Armor
41:23 Chain Mail Armor
41:04 Bodkin Arrow
41:47 Conscription
41:00 Gothikon
42:31 Plate Mail Armor
43:19 Siege Ram
48:39 Pikeman
50:48 Bodkin Arrow
50:59 Halberdier
60:07 Plate Barding Armor
63:39 Light Cavalry
M The Beast W
10:29 Feudal Age
14:27 Castle Age
12:37 Double-Bit Axe
15:09 Wheelbarrow
14:17 Horse Collar
15:33 Bow Saw
18:28 Hand Cart
20:40 Heavy Plow
20:37 Gold Mining
22:26 Gold Shaft Mining
23:16 Stone Mining
24:38 Stone Shaft Mining
27:55 Imperial Age
25:12 Loom
26:35 Ballistics
28:07 Fletching
28:17 Padded Archer Armor
29:37 Chemistry
28:57 Bodkin Arrow
29:51 Siege Engineers
30:07 Scale Barding Armor
30:13 Forging
31:47 Two-Man Saw
31:22 Husbandry
30:45 Heavy Camel Rider
31:59 Husbandry
32:13 Bloodlines
32:24 Chain Barding Armor
32:39 Iron Casting
32:32 Bloodlines
33:59 Plate Barding Armor
32:48 Imperial Camel Rider
36:09 Blast Furnace
38:19 Scale Mail Armor
38:29 Squires
38:14 Arson
40:26 Chain Mail Armor
luislm6621
5:51 Loom
8:30 Feudal Age
9:15 Double-Bit Axe
9:34 Town Watch
15:06 Wheelbarrow
21:07 Castle Age
19:56 Fletching
21:23 Horse Collar
22:03 Bodkin Arrow
22:20 Bow Saw
22:11 Heavy Plow
22:51 Padded Archer Armor
23:18 Steppe Husbandry
24:27 Leather Archer Armor
28:38 Imperial Age
27:41 Bloodlines
28:08 Thumb Ring
28:51 Forging
28:46 Scale Barding Armor
28:44 Cavalier
30:33 Two-Man Saw
30:15 Gold Mining
30:47 Chain Barding Armor
31:02 Iron Casting
32:46 Chemistry
31:56 Paladin
35:16 Blast Furnace
36:42 Light Cavalry
43:37 Plate Barding Armor
42:26 Hussar
42:31 Onager
47:36 Conscription
49:16 Ballistics
49:57 Steppe Husbandry
50:45 Man-at-Arms
51:26 Squires
51:11 Arson
51:50 Long Swordsman
52:37 Scale Mail Armor
52:40 Two-Handed Swordsman
53:56 Champion
55:49 Chain Mail Armor
56:23 Gold Shaft Mining
60:30 Crop Rotation
60:10 Capped Ram
61:52 Caravan
DITO_san
10:41 Feudal Age
11:50 Double-Bit Axe
14:15 Castle Age
12:14 Horse Collar
15:19 Bow Saw
23:23 Wheelbarrow
22:56 Loom
24:58 Fletching
26:28 Bodkin Arrow
31:50 Imperial Age
30:05 Heavy Plow
30:07 Padded Archer Armor
30:07 Town Watch
29:53 Crossbowman
31:41 Ballistics
31:25 Gold Mining
32:34 Bracer
31:57 Arbalester
32:43 Thumb Ring
35:04 Chemistry
34:33 Hand Cart
34:57 Stone Mining
35:35 Leather Archer Armor
35:50 Conscription
37:13 Elite Mameluke
38:02 Scale Barding Armor
38:09 Bloodlines
38:00 Husbandry
39:10 Chain Barding Armor
40:07 Two-Man Saw
40:20 Gold Shaft Mining
40:32 Plate Barding Armor
40:33 Masonry
41:16 Siege Engineers
41:59 Forging
43:26 Iron Casting
45:40 Blast Furnace
45:40 Sanctity
45:37 Bimaristan
45:43 Counterweights
45:36 Murder Holes
46:43 Illumination
48:37 Hoardings
47:52 Arrowslits
49:34 Guard Tower
66:23 Parthian Tactics
65:48 Capped Ram
Connection lost

Rejoining the realm…

Still unreachable

The connection could not be restored.

Session expired

The server has moved on; the page needs a fresh start.